 Dungeon Crawl Stone Soup version 0.29-a0-334-gb41bcbb86e (webtiles) character file.

Game seed: 14929739801338311881

170 zeratav the Insei (level 5, 0/52 HPs)
             Began as an Octopode Transmuter on Apr 14, 2022.
             Succumbed to a scorpion's poison
             ... on level 3 of the Dungeon.
             The game lasted 00:03:09 (2665 turns).

zeratav the Insei (Octopode Transmuter)             Turns: 2665, Time: 00:03:09

Health: 0/52       AC: 22    Str: 10    XL:     5   Next: 51%
Magic:  7/8        EV:  2    Int: 15    God:
Gold:   116        SH:  0    Dex: 14    Spells: 7/8 levels left

rFire   + . .      SeeInvis .     - Unarmed
rCold   . . .      Faith    .   (no shield)
rNeg    . . .      Spirit   .   (helmet currently unavailable)
rPois   +          Reflect  .   (no amulet)
rElec   .          Harm     .   d - ring of protection from fire
rCorr   .          Rampage  .   (no ring)
Will    .....      NoTele   +   (no ring)
Stlth   ++........              (no ring)
HPRegen 0.17/turn               (no ring)
MPRegen 0.11/turn               (no ring)
                                (no ring)
                                (no ring)

@: lethally poisoned (0 -> -6), tree-form
A: stationary, stasis, torment immunity, boosted hp, almost no armour,
(amphibious), 8 rings, (camouflage 1), (gelatinous body 1), (nimble swimmer 1),
(tentacles)
a: no special abilities


You were on level 3 of the Dungeon.
You were a tree.
You visited 1 branch of the dungeon, and saw 3 of its levels.

You collected 116 gold pieces.


Innate Abilities, Weirdness & Mutations

You are a tree.
Your roots penetrate the ground, keeping you stationary.
You cannot be teleported.
You are immune to unholy pain and torment.
Your maximum health is greatly increased.
You cannot wear most types of armour.
((You are amphibious.))
You can wear up to eight rings at the same time.
((Your skin changes colour to match your surroundings (Stealth+).))
((Your rubbery body absorbs attacks. (AC +1, EV +1)))
((You are camouflaged when in or above water. (Stealth+)))
((You have tentacles for arms and can constrict up to eight enemies at once.))


   Skills:
 + Level 2.3 Fighting
 + Level 3.0 Dodging
 + Level 3.0 Stealth
 * Level 4.4 Unarmed Combat
 - Level 2.0 Spellcasting
 - Level 2.0 Transmutations


You had 7 spell levels left.
You knew the following spells:

 Your Spells              Type           Power      Damage    Failure   Level
a - Beastly Appendage     Tmut           14%        N/A       10%         1

Your spell library contained the following spells:

 Spells                   Type           Power      Damage    Failure   Level
 Wereblood                Tmut           7%         N/A       14%         2
 Spider Form              Tmut/Pois      4%         N/A       41%         3
 Ice Form                 Ice/Tmut       4%         N/A       82%         4

Inventory:

Jewellery
 d - a ring of protection from fire (left branch)
   (You found it on level 1 of the Dungeon)
Scrolls
 b - 2 scrolls of teleportation {unknown}
 c - 3 scrolls of identify {unknown}
 f - a scroll of amnesia {unknown}
 i - a scroll of enchant armour {unknown}
 j - a scroll of immolation {unknown}
 k - a scroll of magic mapping {unknown}
Potions
 e - a potion of curing {unknown}
 g - a potion of attraction {unknown}
 h - a potion of mutation {unknown}
 l - a potion of cancellation {unknown}

Dungeon Overview and Level Annotations

Branches:
Dungeon (3/15)

Altars:
Dithmenos
Okawaru

.......................#
.......................#
.......................#
.............).........#
.......................#
..................
#.#........####..#
#.#.######.# #..># #.
#♣#...#.# # #.†......
#...⌠.... #..≈≈≈...
#..≈≈≈... #..≈≈≈...
#..≈≈≈... #........
##......g


There were no monsters in sight!


Message History

You now have 116 gold pieces (gained 18).
A quokka comes into view.
One of your tentacles grows a vicious spike.
MP[-1]
You lost 1 mp, and now have 6/7 mp.
You tentacle-slap the quokka. You grab the quokka. You constrict the quokka.
The quokka bites you.
HP[-1]
You take 1 damage, and now have 28/29 hp.
You tentacle-slap the quokka.
You constrict the quokka, but do no damage.
The quokka bites you.
HP[-1]
You take 1 damage, and now have 27/29 hp.
You tentacle-slap the quokka.
You kill the quokka!
No target in view!
No target in view!
No target in view!
No target in view!
No target in view!
No target in view!
No target in view!
No target in view!
No target in view!
No target in view!
Your tentacle spike disappears.
b - 2 scrolls labelled QOBRIV RAIST (gained 1)
Found a stone staircase leading down.
HP[+2] MP[+1]
Your hp is fully restored (29).
Your mp is fully restored (7).
l - a white potion A scorpion comes into view.
The scorpion moves out of view.
A hobgoblin comes into view.
Casting: Beastly Appendage (safe; 10% risk of failure)
Confirm with . or Enter, or press ? or * to list all spells.
One of your tentacles grows a vicious spike.
The scorpion barely misses you.
MP[-1]
You lost 1 mp, and now have 6/7 mp.
You tentacle-slap the scorpion. Your grab misses the scorpion.
Your tentacle spike misses the scorpion.
The scorpion barely misses you.
You tentacle-slap the scorpion but do no damage.
Your grab misses the scorpion. The scorpion stings you.
HP[-1]
You take 1 damage, and now have 28/29 hp.
You tentacle-slap the scorpion but do no damage.
You grab the scorpion.
You pierce the scorpion.
Your transformation is almost over.
You constrict the scorpion. The scorpion stings you.
You are poisoned.
The scorpion poisons you!
HP[-3]
You take 3 damage, and now have 25/29 hp.
You tentacle-slap the scorpion.
You pierce the scorpion.
You squeeze the scorpion. You constrict the scorpion.
You feel very sick. The scorpion stings you!
You are lethally poisoned!
The scorpion poisons you!
HP[-10]
You take 10 damage, and now have 15/29 hp.
MASSIVE DAMAGE!! (PAUSE)
You tentacle-slap the scorpion but do no damage.
You constrict the scorpion.
You kill the scorpion!
* * * LOW HITPOINT WARNING * * *
You feel very sick.
Your Dodging skill increases to level 3!
Your Stealth skill increases to level 3!
You have reached level 5!
You feel stronger.
HP[-3]
You now have 35 max hp (+6).
* * * LOW HITPOINT WARNING * * *
You feel very sick.
HP[-5]
You take 5 damage, and now have 7/35 hp.
Really quaff the potion of lignification?
Your tentacle spike disappears.
You turn into a tree.
Your roots penetrate the ground.
* * * LOW HITPOINT WARNING * * *
You feel very sick.
HP[+1]
You now have 52 max hp (+17).
* * * LOW HITPOINT WARNING * * *
You feel very sick.
HP[-3]
You take 3 damage, and now have 5/52 hp.
* * * LOW HITPOINT WARNING * * *
You feel sick.
HP[-2] MP[+1]
You take 2 damage, and now have 3/52 hp.
* * * LOW HITPOINT WARNING * * *
You feel sick.
HP[-2]
You take 2 damage, and now have 1/52 hp.
You die...

Skill      XL: |  1  2  3  4 |
---------------+-------------+-----
Stealth        | 1 2 3 |  3.0
Fighting       | 2 |  2.3
Unarmed Combat | 4 |  4.4
Dodging        | 3 |  3.0
Spellcasting   | |  2.0
Transmutations | |  2.0

Action                   |  1- 3 |  4- 6 || total
-------------------------+-------+-------++-------
Melee: Unarmed           |    84 |    46 ||   130
       Kick              |    27 |    14 ||    41
       Constrict         |    24 |    11 ||    35
       Punch             |     4 |     2 ||     6
       Tentacles         |    14 |    12 ||    26
 Cast: Beastly Appendage |    21 |    13 ||    34
  Use: Potion            |       |     1 ||     1
 Stab: Sleeping          |     7 |     2 ||     9
Armor: Skin              |     7 |     2 ||     9
Dodge: Dodged            |    43 |    20 ||    63

Levels and vault maps discovered:
D:1:      spicycebolla_arrival_teleporter_tutorial, layout_loops_corners,
          hellmonk_ecumenical_altar_dog_temple, chequers_big_river,
          minmay_ruptured
D:2:      layout_rooms, basic_altar
D:3:      layout_basic, grunt_dithmenos_smoke, minitemple,
          mainiacjoe_overflow_concentric_impassable, serial_park_tiny_pond,
          uniq_jessica, uniq_robin

Notes
Turn   | Place    | Note
-------+----------+-------------------------------------------
     0 | D:1      | zeratav the Octopode Transmuter began the quest for the
                  | Orb.
     0 | D:1      | Reached XP level 1. HP: 13/13 MP: 3/3
     0 | D:1      | magus.rc [v1.9.6]
   436 | D:1      | Reached XP level 2. HP: 18/18 MP: 3/5
   445 | D:1      | Reached skill level 1 in Stealth
   859 | D:1      | Reached XP level 3. HP: 13/23 MP: 4/6
  1058 | D:1      | Found a faded altar of an unknown god.
  1583 | D:2      | Found an iron altar of Okawaru.
  1715 | D:2      | Reached skill level 2 in Stealth
  1731 | D:2      | Reached XP level 4. HP: 27/29 MP: 5/7
  1965 | D:2      | Reached skill level 2 in Fighting
  2059 | D:2      | Reached skill level 4 in Unarmed Combat
  2399 | D:3      | Found a shadowy altar of Dithmenos.
  2652 | D:3      | Noticed a scorpion
  2659 | D:3      | Killed a scorpion
  2660 | D:3      | Reached skill level 3 in Dodging
  2660 | D:3      | Reached skill level 3 in Stealth
  2660 | D:3      | Reached XP level 5. HP: 12/35 MP: 6/8
  2660 | D:3      | HP: 7/35 [poisoned by a scorpion]
  2663 | D:3      | HP: 3/52 [poisoned by a scorpion]
  2664 | D:3      | HP: 1/52 [poisoned by a scorpion]
  2665 | D:3      | Succumbed to a scorpion's poison

Vanquished Creatures
  A scorpion (D:3)
  5 adders
  3 worms (D:2)
  A dart slug (D:2)
  3 ball pythons (D:1)
  5 endoplasms
  4 giant cockroaches
  5 goblins
  4 hobgoblins
  6 jackals
  4 kobolds
  2 quokkas (D:3)
  5 bats
  4 frilled lizards
  5 rats
57 creatures vanquished.

Vanquished Creatures (others)
  A plant (D:1)
1 creature vanquished.

Grand Total: 58 creatures vanquished

Table legend:
 A = Non-vault XP
 B = Vault XP
 C = Vault XP percentage of total XP
 D = Non-vault monster count
 E = Vault monster count
 F = Vault count percentage of total count
                 A         B        C        D         E       F
            +---------+---------+-------+---------+---------+-------
      Total |     236 |       8 |   3.3 |      53 |       4 |   7.0
            +---------+---------+-------+---------+---------+-------
        D:1 |      38 |       8 |  17.4 |      25 |       4 |  13.8
        D:2 |      83 |       0 |   0.0 |      21 |       0 |   0.0
        D:3 |     115 |       0 |   0.0 |       7 |       0 |   0.0
            +---------+---------+-------+---------+---------+-------

Illustrated notes

Table legend:
 A = Kills in this place as a percentage of kills in entire the game.
 B = Kills by you in this place as a percentage of kills by you in the entire game.
 C = Kills by friends in this place as a percentage of kills by friends in the entire game.
 D = Other kills in this place as a percentage of other kills in the entire game.
 E = Experience gained in this place as a percentage of experience gained in the entire game.
 F = Experience gained in this place divided by the number of levels of this place that you have seen.
                   A       B       C       D       E      F
               +-------+-------+-------+-------+-------+----------------------
         Total | 100.0 | 100.0 |   N/A |   N/A | 100.0 |  81.3
       Dungeon | 100.0 | 100.0 |   N/A |   N/A | 100.0 |  81.3
               +-------+-------+-------+-------+-------+----------------------

Table legend: (Time is in decaauts)
 A = Elapsed time spent in this place.
 B = Non-inter-level travel time spent in this place.
 C = Inter-level travel time spent in this place.
 D = Time resting spent in this place.
 E = Time spent auto-exploring this place.
 F = Levels seen in this place.
 G = Mean time per level.
                   A        B        C        D        E       F      G
               +--------+--------+--------+--------+--------+-----+--------+
         Total |   2654 |   2624 |     30 |    287 |   1931 |   3 |  884.7 |
       Dungeon |   2654 |   2624 |     30 |    287 |   1931 |   3 |  884.7 |
               +--------+--------+--------+--------+--------+-----+--------+

Top non-repeatable levels by time:
     D:1: 1458 daAuts
     D:2: 923 daAuts
     D:3: 273 daAuts
